 Dungeon Crawl Stone Soup version 0.27.0-1-g7a089689b8 (webtiles) character file.

Game seed: 7406575468679081662

79 Crazydiamond the Ruffian (level 4, 0/38 HPs)
             Began as a Naga Transmuter on Aug 16, 2021.
             Succumbed to an adder's poison
             ... on level 3 of the Dungeon on Aug 17, 2021.
             The game lasted 00:06:17 (3096 turns).

Crazydiamond the Ruffian (Naga Transmuter)          Turns: 3096, Time: 00:06:18

Health: 0/38       AC:  2    Str: 13    XL:     4   Next: 37%
Magic:  7/7        EV:  7    Int: 14    God:
Gold:   69         SH:  6    Dex: 11    Spells: 6/7 levels left

rFire    . . .     SeeInvis +   k - +1 long sword
rCold    . . .     Faith    .   f - +0 kite shield
rNeg     . . .     Spirit   .   a - +0 robe
rPois    +         Reflect  .   (no helmet)
rElec    .         Harm     .   (no cloak)
rCorr    .         Rampage  .   (no gloves)
Will     .....                  (no barding)
Stlth    ++........             (no amulet)
HPRegen  0.12/turn              (no ring)
MPRegen  0.10/turn              (no ring)

@: lethally poisoned (0 -> -2), attractive, very slow
A: AC +1, large, see invisible, deformed body, poison resistance, slowness 2,
spit poison 1, naga tail 1
a: Spit Poison


You were on level 3 of the Dungeon.
You visited 1 branch of the dungeon, and saw 3 of its levels.

You collected 137 gold pieces.
You spent 68 gold pieces at shops.

Inventory:

Hand Weapons
 k - a +1 long sword (weapon)
Missiles
 d - 3 javelins (quivered)
 l - 12 poisoned darts
Armour
 a - a +0 robe (worn)
 f - a +0 kite shield (worn)
Scrolls
 e - 2 scrolls of blinking {unknown}
 i - a scroll of amnesia {unknown}
Potions
 b - a potion of cancellation
 c - a potion of degeneration


   Skills:
 + Level 1.6 Fighting
 + Level 0.8 Long Blades
 + Level 1.8 Dodging
 + Level 1.8 Stealth
 + Level 3.8 Unarmed Combat
 + Level 2.2 Spellcasting
 + Level 2.4 Transmutations


You had 6 spell levels left.
You knew the following spells:

 Your Spells              Type           Power      Damage    Failure   Level
a - Beastly Appendage     Tmut           16%        N/A       52%         1

Your spell library contained the following spells:

 Spells                   Type           Power      Damage    Failure   Level
 Wereblood                Tmut           8%         N/A       67%         2
 Spider Form              Tmut/Pois      2%         N/A       96%         3
 Ice Form                 Ice/Tmut       4%         N/A       100%        4
 Iskenderun's Battlesphe  Conj           1%         2d6       100%        5
 Iron Shot                Conj/Erth      0%         9d1       100%        6
 Spellforged Servitor     Conj/Summ      0%         N/A       100%        7


Dungeon Overview and Level Annotations

Branches:
Dungeon (3/15)

Altars:
Kikubaaqudgha

Shops:
D:2 *


Innate Abilities, Weirdness & Mutations

Your serpentine skin is tough. (AC +1)
You have supernaturally acute eyesight. (SInv)
Armour fits poorly on your strangely shaped body.
Your system is resistant to poisons. (rPois)
You cover ground very slowly.
You can spit poison.
You have a snake-like lower body.


Message History

The orc hits you with a +0 dagger.
You hit the orc.
The orc is lightly wounded.
You block the orc's attack. The orc hits you with a +0 dagger.
You hit the orc.
The orc is severely wounded.
The orc hits you with a +0 dagger.
You closely miss the orc.
The orc is severely wounded.
You block the orc's attack. The orc hits you but does no damage.
You closely miss the orc.
The orc is heavily wounded.
The orc hits you with a +0 dagger. You block the orc's attack.
You slash the orc!
You kill the orc!
You block the adder's attack.
Press: ? - help, Shift-Dir - straight line, f - adder
Aim: an adder The splash of poison hits the adder!
The adder is almost dead.
The adder bites you. The adder barely misses you.
You hit the adder.
The adder is almost dead.
The adder bites you. x2
You are poisoned.
The adder poisons you!
You barely miss the adder.
The adder is almost dead.
You have got your breath back.
You feel sick. You block the adder's attack. The adder bites you.
* * * LOW HITPOINT WARNING * * *
You closely miss the adder.
The adder is almost dead.
You feel sick. The adder bites you.
* * * LOW HITPOINT WARNING * * *
The adder bites you.
* * * LOW HITPOINT WARNING * * *
You hit the adder.
You kill the adder!
You die...

##### ##...##
#########
##.###.##
#.......#####.##
##.#
#.#####.......#
#.# #.# #.#####.##
##.##### ..# #.#
##.###o..)).# #.#
#.# ##.@)#####.#
#.#####.#### #####
.# ...........# o#
######.###.# S#
#.###)## .# ####
#.##...###### .#
...# #............
.#
##.######...######
#.........##


You could see an orc.

Vanquished Creatures
  A hound skeleton (D:2)
  2 adders (D:3)
  A worm (D:3)
  2 dart slugs (D:2)
  3 orcs (D:3)
  6 endoplasms
  A giant cockroach (D:3)
  5 goblins
  2 hobgoblins (D:1)
  4 jackals (D:3)
  4 quokkas
  4 ball pythons
  A bat (D:2)
  4 frilled lizards
  4 kobolds
  A rat (D:1)
45 creatures vanquished.

Notes
Turn   | Place    | Note
-------+----------+-------------------------------------------
     0 | D:1      | Crazydiamond the Naga Transmuter began the quest for the
                  | Orb.
     0 | D:1      | Reached XP level 1. HP: 18/18 MP: 3/3
   392 | D:1      | Reached XP level 2. HP: 14/25 MP: 3/5
  1570 | D:1      | Found a faded altar of an unknown god.
  1723 | D:2      | Found Deschairr's Assorted Antiques.
  1728 | D:2      | Bought a scroll labelled BEHICIETZO for 18 gold pieces
  1728 | D:2      | Bought a cyan potion for 16 gold pieces
  1728 | D:2      | Bought a scroll labelled BEIDDI MOPRACSUH for 18 gold
                  | pieces
  1728 | D:2      | Bought a fuming purple potion for 16 gold pieces
  1777 | D:2      | Found an ancient bone altar of Kikubaaqudgha.
  1782 | D:2      | Reached skill level 1 in Stealth
  1797 | D:2      | Reached XP level 3. HP: 18/31 MP: 4/6
  2680 | D:3      | Reached XP level 4. HP: 38/38 MP: 7/7
  3078 | D:3      | HP: 1/38 [orc (2)]
  3096 | D:3      | Succumbed to an adder's poison

Illustrated notes

Levels and vault maps discovered:
D:1:      dpeg_arrival_orchard, layout_basic,
          shapermc_ecumenical_altar_mp_highgroup
D:2:      layout_basic, serial_shops, nicolae_shop_behind_doors, basic_altar
D:3:      layout_loops_ring

Skill      XL: |  1  2 |
---------------+-------+-----
Stealth        | 1 |  1.8
Fighting       | |  1.6
Long Blades    | |  0.8
Dodging        | |  1.8
Unarmed Combat | |  3.8
Spellcasting   | |  2.2
Transmutations | |  2.4

Action                   |  1- 3 |  4- 6 || total
-------------------------+-------+-------++-------
Melee: Unarmed           |    52 |       ||    52
       Headbutt          |     8 |     1 ||     9
       Long sword        |    21 |    34 ||    55
       Punch             |     1 |       ||     1
Throw: Javelin           |     7 |       ||     7
 Cast: Beastly Appendage |    18 |     1 ||    19
 Abil: Spit Poison       |    12 |     5 ||    17
  Use: Scroll            |     4 |       ||     4
       Potion            |       |     3 ||     3
 Stab: Sleeping          |     1 |       ||     1
Armor: Robe              |     5 |     8 ||    13
Dodge: Dodged            |    25 |    18 ||    43
Block: Kite shield       |     3 |    16 ||    19
       Rpst.: Long sword |     2 |     8 ||    10
